[Event "FRA-ch Universities 2019"]
[Site "Paris"]
[Date "2019.02.02"]
[Round "4"]
[White "Deltour, Quentin"]
[Black "Loiseau, Quentin"]
[Result "0-1"]
[ECO "C45"]
[WhiteElo "1968"]
[BlackElo "2452"]
[Annotator "ChessBase"]
[PlyCount "56"]
[EventDate "2019.02.01"]
[EventType "swiss"]
[EventCountry "FRA"]
[SourceTitle "playchess.com"]
[Source "ChessBase"]
[SourceQuality "1"]
[TimeControl "900+5"]

1. e4 e5 2. Nf3 Nc6 3. d4 exd4 4. Nxd4 Qf6 5. Be3 Bc5 6. Nb5 Bxe3 7. fxe3 Qh4+ 8. g3 Qd8 9. N1c3 a6 10. Nd4 Nf6 11. Bc4 Ne5 12. Bb3 d6 13. h3 c5 14. Nf3 Qe7 15. Nd5 Nxd5 16. Bxd5 O-O 17. Qe2 Qf6 18. Nxe5 Qxe5 19. O-O-O Qxg3 20. Rdg1 Qe5 21. h4 Be6 22. Rg5 Qf6 23. Rf1 Qe7 24. Qg2 g6 25. h5 Bxd5 26. exd5 Qxe3+ 27. Kb1 Rae8 28. a3 Re5 0-1

[Event "FRA-ch Universities 2019"]
[Site "Paris"]
[Date "2019.02.02"]
[Round "4"]
[White "Noir, Mathys"]
[Black "Eden, James"]
[Result "0-1"]
[ECO "B21"]
[WhiteElo "1889"]
[BlackElo "2338"]
[Annotator "NA"]
[PlyCount "66"]
[EventDate "2019.02.01"]
[EventType "swiss"]
[EventCountry "FRA"]
[SourceTitle "playchess.com"]
[Source "ChessBase"]
[SourceQuality "1"]
[TimeControl "900+5"]

1. e4 c5 2. d4 cxd4 3. c3 dxc3 4. Nxc3 d6 5. Nf3 Nc6 6. Bc4 Nf6 7. e5 dxe5 8. Qxd8+ Nxd8 9. Nb5 Rb8 10. Nxe5 e6 11. Nc7+ Ke7 12. Bd2 Nc6 13. Bc3 Ne4 14. Na6 Ra8 15. Nc7 Nxc3 16. Nxc6+ bxc6 17. Nxa8 Nd5 18. O-O Bb7 19. Bxd5 exd5 20. Nc7 Kd7 21. Rfe1 Bd6 22. Nxd5 cxd5 23. Rac1 h5 24. a3 h4 25. Rc3 Rh6 26. Rf3 f6 27. b4 Rg6 28. g3 hxg3 29. fxg3 Rg4 30. Re2 a5 31. b5 Rc4 32. h4 Rc1+ 33. Rf1 Bc5+ 0-1

[Event "FRA-ch Universities 2019"]
[Site "Paris"]
[Date "2019.02.02"]
[Round "4"]
[White "Kadiri, Mustapha Kamel"]
[Black "Brunier, Jules"]
[Result "0-1"]
[ECO "D02"]
[WhiteElo "1880"]
[BlackElo "2015"]
[Annotator "NA"]
[PlyCount "80"]
[EventDate "2019.02.01"]
[EventType "swiss"]
[EventCountry "FRA"]
[SourceTitle "playchess.com"]
[Source "ChessBase"]
[SourceQuality "1"]
[TimeControl "900+5"]

1. d4 d5 2. Nf3 Nf6 3. Bf4 e6 4. c3 Ne4 5. Nbd2 f5 6. e3 Bd6 7. Bxd6 cxd6 8. Be2 O-O 9. O-O Nd7 10. Qb3 Ndf6 11. Rad1 b6 12. a4 g5 13. Nxe4 Nxe4 14. Nd2 Rf6 15. f3 Nxd2 16. Rxd2 Bb7 17. Re1 f4 18. Bf1 Kh8 19. a5 Rh6 20. a6 Bc6 21. Qd1 Qe8 22. Qe2 Qh5 23. h3 Rg8 24. Qd1 Bd7 25. e4 e5 26. dxe5 g4 27. fxg4 Bxg4 28. Be2 f3 29. hxg4 Qh2+ 30. Kf2 Qxg2+ 31. Ke3 f2 32. Bf3 fxe1=Q+ 33. Qxe1 Qh3 34. Rxd5 Rf8 35. Qe2 dxe5 36. Rxe5 Qg3 37. Rf5 Rd8 38. Qb5 Qe1+ 39. Kf4 Qd2+ 40. Ke5 Qd6# {[%emt 0:00:05] Kf4} 0-1

[Event "FRA-ch Universities 2019"]
[Site "Paris"]
[Date "2019.02.02"]
[Round "5"]
[White "Viers, Emmanuel"]
[Black "Defromont, Benjamin"]
[Result "1-0"]
[ECO "A45"]
[WhiteElo "2199"]
[BlackElo "2113"]
[Annotator "NA RC"]
[PlyCount "83"]
[EventDate "2019.02.01"]
[EventType "swiss"]
[EventCountry "FRA"]
[SourceTitle "playchess.com"]
[Source "ChessBase"]
[SourceQuality "1"]
[TimeControl "900+5"]

1. d4 Nf6 2. Nc3 d5 3. Nf3 c5 4. dxc5 Nc6 5. Bf4 e6 6. e4 Bxc5 7. exd5 exd5 8. Be2 O-O 9. O-O Be6 10. h3 Qd7 11. Ne5 Qe7 12. Bf3 Rfd8 13. Re1 Nxe5 14. Bxe5 Ne4 15. Bd4 Nxc3 16. bxc3 Rac8 17. Bg4 Bxd4 18. cxd4 Bxg4 19. Qxg4 Qf6 20. Re2 Qg6 21. Qh4 h6 22. Rae1 Rd7 23. Re7 Rxe7 24. Qxe7 Qc6 25. Re2 a6 26. Qb4 b5 27. Qa3 Qc4 28. Rd2 b4 29. Qe3 Qc3 30. Qf4 a5 31. Re2 Qc7 32. Re8+ Kh7 33. Qf5+ g6 34. Qxc8 Qf4 35. Rh8+ Kg7 36. Qf8+ Kf6 37. Qd8+ Kg7 38. Rg8+ Kh7 39. Qb8 Qxd4 40. Re8 Qd1+ 41. Kh2 Qxc2 42. Qe5 1-0

[Event "FRA-ch Universities 2019"]
[Site "Paris"]
[Date "2019.02.02"]
[Round "5"]
[White "Geronimi, Pierre-Francois"]
[Black "Noir, Mathys"]
[Result "1-0"]
[ECO "C00"]
[WhiteElo "2042"]
[BlackElo "1889"]
[Annotator "NA RC"]
[PlyCount "71"]
[EventDate "2019.02.01"]
[EventType "swiss"]
[EventCountry "FRA"]
[SourceTitle "playchess.com"]
[Source "ChessBase"]
[SourceQuality "1"]
[TimeControl "900+5"]

1. e4 e6 2. Nf3 d5 3. e5 c5 4. b4 cxb4 5. a3 Nc6 6. axb4 Bxb4 7. c3 Be7 8. d4 Qc7 9. Bd3 f6 10. Qe2 Nh6 11. Bxh6 gxh6 12. Qe3 fxe5 13. dxe5 Bg5 14. Nxg5 hxg5 15. Bb5 h6 16. Bxc6+ bxc6 17. h4 g4 18. Ra4 h5 19. O-O Qe7 20. g3 Rf8 21. Nd2 Rf5 22. Nb3 Qg7 23. Re1 Rf3 24. Qc5 Rb8 25. Nd4 Rf7 26. Qd6 Rb6 27. Nxe6 Bxe6 28. Qxe6+ Re7 29. Qc8+ Kf7 30. Rf4+ Kg6 31. Qf5+ Kh6 32. e6 Rbb7 33. Re5 Qg6 34. Qf8+ Kh7 35. Rg5 Qe8 36. Qf5+ 1-0

[Event "FRA-ch Universities 2019"]
[Site "Paris"]
[Date "2019.02.02"]
[Round "5"]
[White "Guillemart, Serge"]
[Black "Porsia, Enzo"]
[Result "1-0"]
[ECO "C45"]
[WhiteElo "2023"]
[BlackElo "1752"]
[Annotator "NA RC"]
[PlyCount "67"]
[EventDate "2019.02.01"]
[EventType "swiss"]
[EventCountry "FRA"]
[SourceTitle "playchess.com"]
[Source "ChessBase"]
[SourceQuality "1"]
[TimeControl "900+5"]

1. e4 e5 2. Nf3 Nc6 3. d4 exd4 4. Nxd4 Bc5 5. Be3 Bb6 6. Nf5 Qf6 7. Nc3 Nge7 8. Bxb6 axb6 9. Ne3 O-O 10. Be2 Qg6 11. O-O d6 12. f4 f5 13. Bd3 Bd7 14. Rf3 Qh5 15. Be2 fxe4 16. Nxe4 Qg6 17. Ng3 Kh8 18. Bd3 Qf6 19. c3 d5 20. Bc2 d4 21. Qd3 g6 22. Nc4 dxc3 23. bxc3 Nf5 24. Qxd7 Nh4 25. Raf1 Nxf3+ 26. Rxf3 Rxa2 27. Ne4 Qh4 28. g3 Qh5 29. Rf2 Rxc2 30. Rxc2 Qf3 31. Ng5 Qh5 32. Kg2 Rd8 33. Nf7+ Kg8 34. Nxd8 1-0

[Event "FRA-ch Universities 2019"]
[Site "Paris"]
[Date "2019.02.02"]
[Round "5"]
[White "Brunier, Jules"]
[Black "Cahen, Alexis"]
[Result "1-0"]
[ECO "B73"]
[WhiteElo "2015"]
[BlackElo "2109"]
[Annotator "NA RC"]
[PlyCount "79"]
[EventDate "2019.02.01"]
[EventType "swiss"]
[EventCountry "FRA"]
[SourceTitle "playchess.com"]
[Source "ChessBase"]
[SourceQuality "1"]
[TimeControl "900+5"]

1. e4 c5 2. Nf3 d6 3. d4 cxd4 4. Nxd4 Nf6 5. Nc3 g6 6. Be2 Nc6 7. O-O Bg7 8. Be3 O-O 9. Kh1 Bd7 10. f4 Rc8 11. Bf3 Na5 12. Be2 Nc4 13. Bxc4 Rxc4 14. Qd3 Ng4 15. Bg1 Rc8 16. h3 Nf6 17. e5 dxe5 18. fxe5 Ne8 19. Rae1 Nc7 20. Qe4 Ne6 21. Qxb7 Rb8 22. Qxa7 Rxb2 23. Rd1 Qe8 24. Qa3 Rb7 25. Rfe1 Nxd4 26. Bxd4 Be6 27. Bc5 Qc6 28. Bxe7 Bxh3 29. Ne4 Re8 30. Bf6 Bf5 31. Nd6 Bxf6 32. exf6 Rxe1+ 33. Rxe1 Rb8 34. Nxf7 Re8 35. Nh6+ Kh8 36. Rxe8+ Qxe8 37. Qe7 Qxe7 38. fxe7 Bd7 39. Nf7+ Kg7 40. Nd6 1-0

[Event "FRA-ch Universities 2019"]
[Site "Paris"]
[Date "2019.02.02"]
[Round "6"]
[White "Sochacki, Wojtek"]
[Black "Guillemart, Serge"]
[Result "1-0"]
[ECO "B30"]
[WhiteElo "2348"]
[BlackElo "2023"]
[Annotator "NA RC"]
[PlyCount "45"]
[EventDate "2019.02.01"]
[EventType "swiss"]
[EventCountry "FRA"]
[SourceTitle "playchess.com"]
[Source "ChessBase"]
[SourceQuality "1"]
[TimeControl "900+5"]

1. e4 c5 2. Nf3 Nc6 3. b4 cxb4 4. d4 d5 5. exd5 Qxd5 6. c4 Qh5 7. Be2 Bg4 8. Nbd2 e5 9. d5 Nd8 10. O-O Nf6 11. h3 Bxf3 12. Bxf3 Qf5 13. Re1 Be7 14. Bb2 O-O 15. Bxe5 Qd7 16. d6 Bxd6 17. Bxf6 Qc7 18. Bb2 Ne6 19. Bd5 Nc5 20. Ne4 Nxe4 21. Rxe4 Rfe8 22. Qd4 Bf8 23. Rg4 1-0

[Event "FRA-ch Universities 2019"]
[Site "Paris"]
[Date "2019.02.02"]
[Round "6"]
[White "Devallee, Jeremie"]
[Black "Cahen, Alexis"]
[Result "1-0"]
[ECO "B21"]
[WhiteElo "2317"]
[BlackElo "2109"]
[Annotator "NA RC"]
[PlyCount "47"]
[EventDate "2019.02.01"]
[EventType "swiss"]
[EventCountry "FRA"]
[SourceTitle "playchess.com"]
[Source "ChessBase"]
[SourceQuality "1"]
[TimeControl "900+5"]

1. e4 c5 2. d4 cxd4 3. c3 d3 4. Bxd3 Nc6 5. c4 Nf6 6. Nf3 d6 7. h3 g6 8. Nc3 Bg7 9. Be3 O-O 10. Rc1 Be6 11. O-O Qa5 12. b3 Nd7 13. Qd2 Qh5 14. Nd5 Bxd5 15. exd5 Nce5 16. Be2 Qf5 17. Nd4 Qe4 18. f3 Qh4 19. f4 Nc5 20. fxe5 Bxe5 21. Nf3 Qg3 22. Nxe5 Qxe5 23. Bd4 Ne4 24. Qe3 1-0

[Event "FRA-ch Universities 2019"]
[Site "Paris"]
[Date "2019.02.02"]
[Round "6"]
[White "Dobrocmyslov, Artem"]
[Black "Eden, James"]
[Result "0-1"]
[ECO "D16"]
[WhiteElo "2262"]
[BlackElo "2338"]
[Annotator "NA RC"]
[PlyCount "162"]
[EventDate "2019.02.01"]
[EventType "swiss"]
[EventCountry "FRA"]
[SourceTitle "playchess.com"]
[Source "ChessBase"]
[SourceQuality "1"]
[TimeControl "900+5"]

1. d4 d5 2. Nf3 Nf6 3. c4 c6 4. Nc3 dxc4 5. a4 Bg4 6. Ne5 Bh5 7. f3 e6 8. g4 Nfd7 9. Bf4 Nxe5 10. dxe5 Bg6 11. Qxd8+ Kxd8 12. e3 Na6 13. Bxc4 Nb4 14. Ke2 Be7 15. Rac1 Kc7 16. e4 Rad8 17. h4 h5 18. g5 Kb8 19. Be3 Rd7 20. Na2 Rhd8 21. Nxb4 Bxb4 22. Rhd1 a5 23. Bb6 Rxd1 24. Rxd1 Rxd1 25. Kxd1 Kc8 26. Bd3 Kd7 27. f4 Ke7 28. f5 Bh7 29. Ke2 Bg8 30. Bd4 c5 31. Bc3 Bxc3 32. f6+ gxf6 33. exf6+ Bxf6 34. gxf6+ Kxf6 35. Ke3 Ke5 36. Be2 Bh7 37. Bxh5 Bxe4 38. Bxf7 Bc6 39. h5 Kf6 40. Bg8 Bxa4 41. h6 Bc2 42. h7 Kg7 43. Bxe6 Bxh7 44. Bc8 b6 45. Kd2 Kf6 46. Kc3 Bg8 47. Bd7 Ke7 48. Ba4 Kd6 49. Be8 Kc7 50. Ba4 Kd6 51. Be8 Bd5 52. Bb5 Bc6 53. Be2 b5 54. Kb3 a4+ 55. Ka3 b4+ 56. Ka2 Bd5+ 57. Kb1 Bb3 58. Bb5 Ke5 59. Kc1 Kd4 60. Kb1 Ke3 61. Kc1 Ke4 62. Be8 Ke5 63. Kb1 Kd6 64. Kc1 Kc7 65. Kb1 Kb6 66. Kc1 Ka5 67. Kb1 Bc4 68. Bd7 Bb5 69. Be6 b3 70. Ka1 Kb4 71. Bg8 a3 72. Bf7 axb2+ 73. Kxb2 c4 74. Bg6 c3+ 75. Kb1 Ka3 76. Ka1 Bc4 77. Kb1 c2+ 78. Bxc2 b2 79. Bb3 Bd3+ 80. Bc2 Bxc2+ 81. Kxc2 Ka2 0-1

[Event "FRA-ch Universities 2019"]
[Site "Paris"]
[Date "2019.02.02"]
[Round "6"]
[White "Geronimi, Pierre-Francois"]
[Black "Bellaiche, Elise"]
[Result "1-0"]
[ECO "C00"]
[WhiteElo "2042"]
[BlackElo "2056"]
[Annotator "NA"]
[PlyCount "39"]
[EventDate "2019.02.01"]
[EventType "swiss"]
[EventCountry "FRA"]
[SourceTitle "playchess.com"]
[Source "ChessBase"]
[SourceQuality "1"]
[TimeControl "900+5"]

1. e4 e6 2. Nf3 d5 3. e5 c5 4. b4 cxb4 5. a3 Nc6 6. axb4 Bxb4 7. c3 Be7 8. d4 Qc7 9. Bd3 f6 10. Qe2 Bd7 11. O-O O-O-O 12. Ba3 f5 13. Bxe7 Ngxe7 14. Na3 Na5 15. Rfb1 Rdg8 16. Ng5 Rf8 17. Nb5 Bxb5 18. Rxb5 Nac6 19. Nxe6 Qd7 20. Nc5 1-0

[Event "FRA-ch Universities 2019"]
[Site "Paris"]
[Date "2019.02.02"]
[Round "6"]
[White "Brunier, Jules"]
[Black "Loiseau, Quentin"]
[Result "0-1"]
[ECO "B34"]
[WhiteElo "2015"]
[BlackElo "2452"]
[Annotator "RC"]
[PlyCount "90"]
[EventDate "2019.02.01"]
[EventType "swiss"]
[EventCountry "FRA"]
[SourceTitle "playchess.com"]
[Source "ChessBase"]
[SourceQuality "1"]
[TimeControl "900+5"]

1. e4 c5 2. Nf3 Nc6 3. d4 cxd4 4. Nxd4 Nf6 5. Nc3 e5 6. Ndb5 d6 7. Nd5 Nxd5 8. exd5 Nb8 9. c4 Be7 10. Be2 O-O 11. O-O a6 12. Nc3 f5 13. Re1 Nd7 14. Bf1 e4 15. Ne2 Ne5 16. Nd4 Qe8 17. Bf4 Bf6 18. Rc1 g5 19. Bd2 Ng4 20. h3 Nxf2 21. Kxf2 Bxd4+ 22. Be3 Bxe3+ 23. Rxe3 Qe5 24. Qc2 Bd7 25. b4 Rac8 26. Qc3 f4 27. Ree1 Qf5 28. Qd4 Rce8 29. Kg1 f3 30. Qf2 g4 31. g3 gxh3 32. Kh2 Rf7 33. c5 Rg7 34. c6 Bc8 35. Bd3 Kh8 36. Rc4 Rge7 37. Qb2+ Kg8 38. cxb7 Bxb7 39. Bc2 Bxd5 40. Rd4 Bf7 41. Rxd6 f2 42. Rf6 fxe1=Q 43. Rxf5 Qe2+ 44. Kxh3 Be6 45. Qf6 Qh5+ 0-1

[Event "FRA-ch Universities 2019"]
[Site "Paris"]
[Date "2019.02.02"]
[Round "6"]
[White "Thiercelin, Jerome"]
[Black "Daeschler, Florian"]
[Result "0-1"]
[ECO "D35"]
[WhiteElo "2009"]
[BlackElo "2276"]
[Annotator "RC"]
[PlyCount "110"]
[EventDate "2019.02.01"]
[EventType "swiss"]
[EventCountry "FRA"]
[SourceTitle "playchess.com"]
[Source "ChessBase"]
[SourceQuality "1"]
[TimeControl "900+5"]

1. d4 d5 2. c4 e6 3. Nc3 Nf6 4. cxd5 exd5 5. Bg5 c6 6. e3 Be7 7. Bd3 Nbd7 8. Qc2 h6 9. Bh4 Nh5 10. Bxe7 Qxe7 11. Nge2 Nb6 12. a3 a5 13. Na4 Nxa4 14. Qxa4 O-O 15. Ng3 Nf6 16. Qc2 a4 17. Rc1 Re8 18. Qc5 Qd8 19. O-O Be6 20. Ne2 Nd7 21. Qc2 Nf6 22. Nc3 b5 23. Ne2 Bd7 24. Ng3 Rc8 25. Qb1 Qe7 26. Bf5 g6 27. Bxd7 Nxd7 28. Qd3 Nb6 29. Rc2 Nc4 30. Rfc1 Kg7 31. Nf1 Qg5 32. Nd2 Rb8 33. Nf3 Qf6 34. Qc3 Qf5 35. Ne5 Nxe5 36. dxe5 Qxe5 37. Qxe5+ Rxe5 38. Rxc6 b4 39. axb4 Rxb4 40. R6c2 Ree4 41. g3 Rec4 42. Rxc4 Rxc4 43. Rd1 Rb4 44. Rd4 Rxd4 45. exd4 Kf6 46. f3 Ke6 47. Kf2 Kd6 48. Ke3 Kc6 49. Kd3 Kb6 50. Kd2 Ka5 51. Kc3 Kb5 52. h3 f6 53. g4 g5 54. b4 a3 55. Kb3 a2 0-1

[Event "FRA-ch Universities 2019"]
[Site "Paris"]
[Date "2019.02.03"]
[Round "7"]
[White "Eden, James"]
[Black "Sochacki, Wojtek"]
[Result "*"]
[ECO "B22"]
[WhiteElo "2338"]
[BlackElo "2348"]
[Annotator "NA"]
[PlyCount "128"]
[EventDate "2019.02.01"]
[EventType "swiss"]
[EventCountry "FRA"]
[SourceTitle "playchess.com"]
[Source "ChessBase"]
[SourceQuality "1"]
[TimeControl "900+5"]

1. e4 c5 2. c3 Nf6 3. e5 Nd5 4. d4 cxd4 5. Nf3 Nc6 6. cxd4 d6 7. Bc4 dxe5 8. dxe5 Ndb4 9. Qb3 e6 {[%emt 0:00:06] B22: Sicilian: 2 c3} 10. O-O Na5 11. Bb5+ Bd7 12. Qa4 $1 Bxb5 13. Qxb5+ Nac6 14. Nc3 a6 15. Qc4 Qd3 16. Qf4 Be7 {[%emt 0:05:00] [#]} 17. Be3 $146 ({Predecessor:} 17. a3) 17... Qf5 18. Qxf5 exf5 19. Rad1 Rd8 20. Bb6 Rxd1 21. Rxd1 Bd8 22. Bc5 Be7 23. Be3 O-O 24. a3 Nc2 25. Bb6 Rc8 26. Rc1 Nxa3 27. Nd5 Bf8 28. bxa3 Bxa3 29. Rc3 Bf8 30. Kf1 Re8 31. Re3 Rc8 32. e6 fxe6 33. Rxe6 h6 34. h4 Kf7 35. Re2 Bd6 36. h5 f4 37. Re4 Ne7 38. Nxe7 Bxe7 39. Rxf4+ Bf6 $18 40. Rb4 Rc1+ 41. Ke2 Rc2+ 42. Kd3 Rc3+ 43. Ke4 Rc6 44. Ne5+ Bxe5 45. Kxe5 a5 46. Rb5 a4 47. Bc5 Rc7 48. Kd6 Rc6+ 49. Kd5 Rc7 50. Ra5 Rd7+ 51. Bd6 Kf6 52. Rxa4 Kg5 53. Ke6 b5 54. Rd4 Ra7 55. Rd5+ Kg4 56. Rxb5 Ra2 57. Bg3 Ra1 58. Kf7 Rg1 59. Kxg7 Rxg2 60. Kxh6 Rg1 61. Kg6 Rc1 62. Rb4+ Kf3 63. Rf4+ Kg2 64. h6 Rc6+ *

[Event "FRA-ch Universities 2019"]
[Site "Paris"]
[Date "2019.02.03"]
[Round "7"]
[White "Daeschler, Florian"]
[Black "Brunier, Jules"]
[Result "1-0"]
[ECO "D11"]
[WhiteElo "2276"]
[BlackElo "2015"]
[Annotator "NA"]
[PlyCount "75"]
[EventDate "2019.02.01"]
[EventType "swiss"]
[EventCountry "FRA"]
[SourceTitle "playchess.com"]
[Source "ChessBase"]
[SourceQuality "1"]
[TimeControl "900+5"]

1. d4 d5 2. c4 c6 3. Nf3 Nf6 4. e3 Bg4 5. h3 Bh5 6. g4 Bg6 7. Ne5 e6 8. Nd2 Bd6 9. Nxg6 hxg6 10. Bg2 Nbd7 11. O-O g5 12. Re1 Nf8 13. e4 dxe4 14. Nxe4 Nxe4 15. Rxe4 Ng6 $1 16. Qb3 b6 ({Black should try} 16... Qe7 $11) 17. d5 cxd5 18. cxd5 e5 19. Qb5+ Kf8 20. Bd2 Nf4 21. Rc1 g6 22. Rc6 Kg7 23. Bc3 f6 24. Qa6 Nxh3+ 25. Bxh3 Rxh3 26. Qb7+ Kh6 27. Rxd6 Qxd6 28. Qxa8 Kh7 29. Qc6 Qf8 30. Qd7+ Kh6 31. d6 f5 32. Qe7 Qa8 33. Qxe5 Qg8 34. gxf5 gxf5 35. Qxf5 Rh4 36. Qf6+ Kh5 37. Qh8+ Qxh8 38. Rxh4+ 1-0

[Event "FRA-ch Universities 2019"]
[Site "Paris"]
[Date "2019.02.03"]
[Round "7"]
[White "Graca, Robert"]
[Black "Dumas, Charles"]
[Result "1-0"]
[ECO "A05"]
[WhiteElo "2270"]
[BlackElo "2218"]
[Annotator "NA"]
[PlyCount "79"]
[EventDate "2019.02.01"]
[EventType "swiss"]
[EventCountry "FRA"]
[SourceTitle "playchess.com"]
[Source "ChessBase"]
[SourceQuality "1"]
[TimeControl "900+5"]

1. Nf3 Nf6 2. c4 b6 3. g3 Bb7 4. Bg2 d6 5. d4 g6 6. O-O Bg7 7. Nc3 O-O 8. Qc2 Nbd7 9. e4 e5 10. d5 a5 11. Bd2 Bc8 12. a3 Nh5 13. b4 f5 14. Ng5 Ndf6 15. exf5 Bxf5 16. Nce4 (16. Qb3 $16) 16... Qe7 17. bxa5 bxa5 18. c5 Kh8 19. Qc4 Nxe4 20. Nxe4 Nf6 21. Rab1 Nxe4 22. Bxe4 Bxe4 23. Qxe4 dxc5 24. Be3 a4 25. Qc4 Rf3 26. Bxc5 Qf7 27. Rb7 Rd8 28. Rd1 h5 29. Be3 Rd7 30. Qxa4 $18 Rxd5 31. Rxd5 Qxd5 32. Rxc7 Rf8 33. Qd7 Qxd7 34. Rxd7 Ra8 35. Ra7 Rc8 36. a4 Kg8 37. a5 Rc2 38. a6 Ra2 39. Ra8+ Kf7 40. a7 1-0

[Event "FRA-ch Universities 2019"]
[Site "Paris"]
[Date "2019.02.03"]
[Round "7"]
[White "Lutard, Theo"]
[Black "Kern, Nicolas"]
[Result "*"]
[ECO "B40"]
[WhiteElo "2222"]
[BlackElo "2101"]
[Annotator "NA"]
[PlyCount "133"]
[EventDate "2019.02.01"]
[EventType "swiss"]
[EventCountry "FRA"]
[SourceTitle "playchess.com"]
[Source "ChessBase"]
[SourceQuality "1"]
[TimeControl "900+5"]

1. e4 c5 2. Nf3 e6 3. g3 Nc6 4. Bg2 b5 (4... Nf6 5. d3 d5 6. Qe2 Be7 7. e5 Nd7 8. c4 b5 9. cxd5 exd5 10. Nc3 Ndb8 11. O-O b4 12. Na4 Bg4 13. Be3 Nd7 14. h3 Be6 {1-0 (43) Adams,M (2712)-Vocaturo,D (2615) Batumi 2018}) 5. d4 cxd4 6. Nxd4 {[%emt 0:00:02] B40: Sicilian: 2...e6, Unusual lines} Nxd4 7. Qxd4 Ne7 $146 ({Predecessor:} 7... Bb7 8. O-O Ne7 9. Qd3 b4 10. Nd2 Nc6 11. Nc4 Bc5 12. Be3 Bxe3 {1-0 (35) Fontaine,Q (2269)-Grochal,J (2201) Belgium 2017}) 8. Qd3 b4 9. O-O Nc6 10. Nd2 a5 11. Rd1 Be7 12. Nc4 O-O 13. Qe3 Rb8 14. e5 Qc7 15. Qf4 Rb5 16. Re1 Ba6 17. b3 f6 18. exf6 Qxf4 19. Bxf4 Bxf6 20. Rad1 Nd4 21. Rd2 $14 d5 22. Ne5 Rc8 23. Rxd4 Rxc2 24. Rd2 Rc8 25. h4 Rbc5 26. Red1 Rc3 27. Bh3 Re8 28. Ng4 Bd8 29. Re1 Kf7 30. Ne5+ Kg8 31. Ng4 Bc8 32. Rxd5 Rc2 33. Rd2 Rc3 34. Be5 Rf3 35. Bg2 Rf7 36. Bf4 Bb6 37. Ne5 Rfe7 38. Nc4 Bc5 39. Nd6 Rf8 40. Nxc8 Rxc8 41. Bh3 Kf7 42. Bd6 Rd8 43. Bxe7 Rxd2 44. Bxc5 Rxa2 45. Bb6 a4 46. bxa4 Rxa4 47. Rb1 e5 48. Bf1 Ke6 49. Bc4+ Kd6 50. Be3 Kc6 51. Bd2 Kc5 52. Bg8 h6 53. Bxb4+ Kc6 54. Bc3 Re4 55. Kg2 Kc5 56. Kf3 Ra4 57. Bxe5 Ra8 58. Bh7 g5 59. hxg5 hxg5 60. Kg4 Kd5 61. Re1 Rf8 62. f4 gxf4 63. gxf4 Rf7 64. Bg6 Ra7 65. f5 Ra4+ 66. Kg5 Ra2 67. Bf7+ *

[Event "FRA-ch Universities 2019"]
[Site "Paris"]
[Date "2019.02.03"]
[Round "7"]
[White "Viers, Emmanuel"]
[Black "Geronimi, Pierre-Francois"]
[Result "*"]
[ECO "A40"]
[WhiteElo "2199"]
[BlackElo "2042"]
[Annotator "NA"]
[PlyCount "120"]
[EventDate "2019.02.01"]
[EventType "swiss"]
[EventCountry "FRA"]
[SourceTitle "playchess.com"]
[Source "ChessBase"]
[SourceQuality "1"]
[TimeControl "900+5"]

1. d4 g6 2. Nc3 Bg7 3. e4 a6 4. Be3 d6 5. Be2 b5 6. a3 Bb7 7. Nf3 Nd7 8. O-O c5 9. Re1 cxd4 10. Bxd4 Ngf6 11. Nd5 (11. e5 $11 dxe5 12. Nxe5) 11... O-O 12. Nxf6+ Nxf6 13. e5 dxe5 14. Bxe5 Rc8 15. c3 Qb6 16. Bd4 Qc6 17. a4 Nh5 18. Bxg7 Kxg7 19. axb5 axb5 20. Qd4+ Kg8 21. Qb4 Qf6 22. Qxb5 Rb8 23. Qd3 Nf4 24. Qe3 Nxe2+ 25. Rxe2 e6 26. Nd4 Bd5 27. b4 Rfc8 $16 28. Rc1 h5 29. f3 Kh7 30. Rec2 Bc4 31. Ne2 Qf5 32. Ng3 Qb5 33. Ne4 Qb6 34. Nc5 Rd8 35. Rd2 Rxd2 36. Qxd2 Rd8 37. Qe3 Qc7 38. Re1 Bb5 39. Qe4 Bc6 40. Qe5 Qxe5 41. Rxe5 Rd2 42. Ne4 Rc2 43. Rc5 Bd5 44. Nf6+ Kg7 45. Nxd5 exd5 46. b5 Kf6 47. b6 Rb2 48. Rxd5 Rxb6 49. Rd1 Ke5 50. Rd2 Rc6 51. Rc2 Kd5 52. Kf2 Kc4 53. Ke3 Rf6 54. Rc1 Rf5 55. Ke4 Rg5 56. g3 Rd5 57. h3 g5 58. f4 f5+ 59. Kf3 Rd3+ 60. Kf2 gxf4 *

[Event "FRA-ch Universities 2019"]
[Site "Paris"]
[Date "2019.02.03"]
[Round "7"]
[White "Grezels, Florian"]
[Black "Devallee, Jeremie"]
[Result "0-1"]
[ECO "B76"]
[WhiteElo "2194"]
[BlackElo "2317"]
[Annotator "NA"]
[PlyCount "215"]
[EventDate "2019.02.01"]
[EventType "swiss"]
[EventCountry "FRA"]
[SourceTitle "playchess.com"]
[Source "ChessBase"]
[SourceQuality "1"]
[TimeControl "900+5"]

1. e4 c5 2. Nf3 d6 ({Predecessor:} 2... Nc6 3. d4 cxd4 4. Nxd4 d6 5. Nc3 g6 6. Be3 Bg7 7. Qd2 Nf6 8. f3 {0-1 (34) Warchol,K (1492)-Orujov,F (1692) Riga 2018}) 3. d4 cxd4 4. Nxd4 Nf6 5. Nc3 g6 6. Be3 Bg7 7. f3 O-O $146 (7... Nc6) 8. Qd2 Nc6 9. g4 ({Predecessor:} 9. O-O-O Nxd4 10. Bxd4 Be6 {0-1 (34) Warchol,K (1492)-Orujov,F (1692) Riga 2018}) 9... Nxd4 (9... Be6 10. O-O-O Nxd4 {½-½ (31) Dvoirys,S (2578)-Forster,R (2446) Jerusalem 2015}) 10. Bxd4 Be6 11. O-O-O Qa5 12. a3 Rab8 13. h4 b5 {[%emt 0:00:02] B76: Sicilian Dragon: Yugoslav Attack, 9 g4 and 9 0-0-0} 14. h5 (14. Nd5 $11 Qxd2+ 15. Rxd2 Bxd5 16. Bxf6 (16. exd5 a6 $11 (16... a5 17. c3 Nd7 18. Bxg7 Kxg7 19. Rd4 Nc5 20. Kc2 Rfc8 21. Rh2 Rb6 22. Kb1 e5 23. dxe6 fxe6 24. Rc2 Nb3 25. Rd1 d5 26. Re1 Rf8 27. Re3 Rf4 28. Be2 a4 29. Bd1 Na5 30. Rh2 Nc4 31. Re1 {½-½ (31) Dvoirys,S (2578)-Forster,R (2446) Jerusalem 2015})) 16... Bxf6 17. Rxd5) 14... b4 15. Nb1 Rfc8 16. hxg6 hxg6 17. g5 ({Predecessor:} 17. Bd3 Qa4 18. Rh4 bxa3 19. Nxa3 Qxd4 20. c3 Nd7 21. f4 {0-1 (34) Warchol,K (1492)-Orujov,F (1692) Riga 2018}) 17... Nh5 18. Bxg7 Kxg7 19. Bh3 Qa4 20. Bxe6 fxe6 21. Rh2 Qb3 22. axb4 Rxb4 23. c3 Ra4 24. Qc2 Qb5 25. Rdh1 Qxg5+ 26. Kd1 Qe3 27. Qxa4 Qxf3+ 28. Kc1 Ng3 29. Qd1 Qxe4 30. Rh7+ Kf6 31. Rf1+ Nxf1 32. Qxf1+ Qf5 33. Qg1 Rc5 34. Rh2 (34. Nd2 $18 Qf4 35. Rh8) 34... Kg7 35. Rf2 Qd3 36. Rd2 Qf5 37. Na3 Qf6 38. Nc2 Rf5 39. Rd1 Rf2 40. Qg3 e5 41. Qe3 a5 42. Ne1 a4 43. Nd3 Rf3 44. Qd2 a3 45. bxa3 e4 46. Nb2 Rxc3+ 47. Kb1 Rxa3 48. Qb4 Re3 49. Nc4 Re2 50. Nb6 Qf3 51. Qd4+ Kf7 52. Qd5+ Kg7 53. Qd4+ Kf7 54. Qd5+ Kg7 55. Qd4+ Kh7 56. Qd5 Re3 57. Na4 Rb3+ 58. Nb2 Qc3 59. Rh1+ Kg7 60. Rh2 e3 61. Qe4 e5 62. Qd5 Rb6 63. Qd1 Qb3 64. Qh1 Qd3+ 65. Rc2 e2 66. Qe1 Qd1+ 67. Rc1 Qd3+ 68. Rc2 Qd1+ 69. Rc1 Qxe1 70. Rxe1 d5 71. Rxe2 Kf6 72. Kc2 e4 73. Nd1 Ke5 74. Rg2 d4 75. Nb2 Rc6+ 76. Kd2 Kf4 77. Rf2+ Kg3 78. Rf7 g5 79. Re7 Kf4 80. Rf7+ Ke5 81. Re7+ Kf5 82. Rf7+ Ke6 83. Rf8 Rc3 84. Nd1 Rh3 85. Re8+ Kf5 86. Rf8+ Kg6 87. Rg8+ Kf6 88. Rd8 Rh2+ 89. Ke1 Ke5 90. Re8+ Kd5 91. Rd8+ Kc4 92. Rc8+ Kd5 93. Rd8+ Ke5 94. Re8+ Kf4 95. Rf8+ $11 Kg3 96. Rd8 d3 97. Nc3 Kf3 98. Rf8+ Ke3 99. Nd5+ Kd4 100. Nf6 e3 101. Rd8+ Kc4 102. Rc8+ Kb5 103. Rb8+ Ka6 104. Kf1 Rf2+ 105. Kg1 Rxf6 106. Re8 e2 107. Kg2 Rf1 108. Re6+ 0-1